 Dungeon Crawl Stone Soup version 0.24.0-13-gcf9b319 (webtiles) character file.

Game seed: 16199759892928335942, levelgen mode: deterministic

36 Ajohnson the Vexing (level 3, -3/19 HPs)
             Began as a Vampire Enchanter on Nov 13, 2019.
             Slain by a hobgoblin
             ... wielding a cursed +0 club
              (7 damage)
             ... on level 2 of the Dungeon.
             The game lasted 00:03:20 (1518 turns).

Ajohnson the Vexing (Vampire Enchanter)             Turns: 1518, Time: 00:03:20

Health: -3/19      AC:  2    Str:  8    XL:     3   Next: 19%
Magic:  5/7        EV: 12    Int: 17    God:
Gold:   57         SH:  3    Dex: 14    Spells: 4/7 levels left

rFire    . . .     SeeInvis +   a - +1 dagger
rCold    + + .     Gourm    .   (no shield)
rNeg     + + +     Faith    .   k - +0 robe {rN+}
rPois    ∞         Spirit   .   (no helmet)
rElec    .         Reflect  +   (no cloak)
rCorr    .         Harm     .   (no gloves)
MR       .....                  (no boots)
Stlth    +++++.....             h - +3 amulet of reflection
HPRegen  0.00/turn              c - ring of flight
MPRegen  0.10/turn              (no ring)

@: bloodless, regenerating quickly
A: no food, fangs 3, see invisible, unbreathing
a: Bat Form, Revivify, Evoke Flight


You were on level 2 of the Dungeon.
You were bloodless.

You visited 1 branch of the dungeon, and saw 2 of its levels.

You collected 57 gold pieces.

Inventory:

Hand Weapons
 a - a +1 dagger (weapon)
Armour
 k - a +0 robe of positive energy (worn)
Jewellery
 c - a ring of flight (left hand)
 h - a +3 amulet of reflection (around neck)
Scrolls
 d - a scroll of remove curse {unknown}
 e - 2 scrolls of identify
 f - 2 scrolls of teleportation {unknown}
 g - a scroll of immolation {unknown}
 i - a scroll of amnesia {unknown}
Potions
 j - a potion of ambrosia {unknown}


   Skills:
 - Level 1.1 Short Blades
 - Level 2.1 Dodging
 - Level 4.4 Stealth
 + Level 2.8 Spellcasting
 + Level 5.4 Hexes


You had 4 spell levels left.
You knew the following spells:

 Your Spells              Type           Power        Failure   Level  Hunger
a - Corona                Hex            ###....      1%          1    N/A
b - Ensorcelled Hibernat  Hex/Ice        ##....       9%          2    N/A

Your spell library contained the following spells:

 Spells                   Type           Power        Failure   Level  Hunger
 Confuse                  Hex            ###.....     5%          3    N/A
 Tukima's Dance           Hex            ###.....     5%          3    N/A
 Dazzling Spray           Conj/Hex       ##....       17%         3    N/A

Dungeon Overview and Level Annotations

Branches:
Dungeon (2/15)

Altars:
Xom


Innate Abilities, Weirdness & Mutations

You do not eat.
You do not regenerate when monsters are visible.
You are frail without blood (-20% HP).
You can heal yourself when you bite living creatures.
You are immune to poison.
You have razor-sharp teeth.
You have supernaturally acute eyesight. (SInv)
You can survive without breathing.


Message History

Found 20 bolts.
Found 13 gold pieces.
You see here 20 bolts.
A goblin comes into view. It is wielding a -1 club.
The goblin shouts!
You closely miss the hobgoblin.
The hobgoblin shouts!
The hobgoblin hits you but does no damage.
You hit the hobgoblin.
The hobgoblin is moderately wounded.
The hobgoblin hits you with a cursed +0 club!
* * * LOW HITPOINT WARNING * * *
Casting: Ensorcelled Hibernation (safe; 9% risk of failure)
Confirm with . or Enter, or press ? or * to list all spells.
Aiming: Ensorcelled Hibernation (safe; 9% risk of failure)
Press: ? - help, Shift-Dir - straight line, f - hobgoblin
Aim: a hobgoblin, wielding a +0 club (moderately wounded, chance to defeat MR: 60%)
The hobgoblin resists with significant effort.
The hobgoblin hits you with a cursed +0 club!
You die...

##.####.........# #.#
#####.....#
##.####...##....##
#...##.....##....#
#.#.#.......#..#(####
#.#....._...#.##....#
#.###.......####....#
..# ##.....## #....#
.## ##...## #@...# .#
##### #.g...# ##
.g.#..$# ..### ...#
#.. ...# .. ...# #
####


You could see a hobgoblin and a goblin.

Vanquished Creatures
  An ooze (D:2)
  A dart slug (D:1)
  2 giant cockroaches (D:1)
  4 goblins
  10 hobgoblins
  3 bats
  A frilled lizard (D:1)
  3 kobolds
  3 rats (D:1)
28 creatures vanquished.

Notes
Turn   | Place    | Note
-------+----------+-------------------------------------------
     0 | D:1      | Ajohnson the Vampire Enchanter began the quest for the Orb.
     0 | D:1      | Reached XP level 1. HP: 13/13 MP: 3/3
    15 | D:1      | Noticed a centaur
    97 | D:1      | Reached XP level 2. HP: 14/15 MP: 5/5
   457 | D:1      | Reached skill level 5 in Hexes
  1164 | D:1      | Learned a level 2 spell: Ensorcelled Hibernation
  1395 | D:2      | Found a shimmering altar of Xom.
  1417 | D:2      | Reached XP level 3. HP: 19/19 MP: 4/7
  1518 | D:2      | Slain by a hobgoblin

Levels and vault maps discovered:
D:1:      evilmike_arrival_come_back, layout_rooms
D:2:      layout_rooms, old_standard_altar, lemuel_round_altar, first_ration

Skill      XL: |  1  2 |
---------------+-------+-----
Hexes          | 5 |  5.4
Short Blades   | |  1.1
Dodging        | |  2.1
Stealth        | |  4.4
Spellcasting   | |  2.8

Action                   || total
-------------------------++-------
Melee: Dagger            ||    68
       Bite              ||     2
 Cast: Ensorcelled Hiber ||    11
       Corona            ||     5
 Abil: Exsanguinate      ||     1
  Use: Scroll            ||     1
 Stab: Sleeping          ||    16
Armor: Robe              ||    11
Dodge: Dodged            ||    38
